 Dungeon Sprint DCSS version 0.20.0-8-g6b59dc7 (webtiles) character file.

150 QuCean the Ruffian (level 5, 0/57 HPs)
             Began as a Troll Monk on June 1, 2017.
             Slain by a hellwing (17 damage)
             ... summoned by a kobold demonologist
             ... in the Dungeon (Sprint III: "The Ten Rune Challenge").
             The game lasted 00:01:41 (140 turns).

QuCean the Ruffian (Troll Monk)                      Turns: 140, Time: 00:01:42

Health: 0/57       AC:  5    Str: 20    XL:     5   Next: 10%
Magic:  4/4        EV: 12    Int:  6    God:
Gold:   28         SH:  0    Dex: 12    Spells: 4/4 levels left

rFire    . . .     SeeInvis .     - Unarmed
rCold    . . .     Gourm    +   (no shield)
rNeg     . . .     Faith    .   a - +0 robe
rPois    .         Spirit   .   (helmet restricted)
rElec    .         Reflect  .   (no cloak)
rCorr    .         Harm     .   (gloves unavailable)
MR       .....     NoTele   +   (boots unavailable)
Stlth    ++........             (no amulet)
Regen    0.6/turn               (no ring)
MPRegen  0.1/turn               (no ring)

@: no status effects
A: unfitting armour, claws 3, fast metabolism 3, gourmand, regeneration 1,
shaggy fur 1, tough skin 2
a: no special abilities


You were in the Dungeon.
You were not hungry.

You visited 1 branch You collected 28 gold pieces.

Inventory:

Armour
 a - a +0 robe (worn)
Scrolls
 h - a scroll of blinking
 j - a scroll of immolation
 l - 2 scrolls of remove curse
 o - a scroll of holy word {unknown}
 p - a scroll of fear
Potions
 c - a potion of curing
 d - 4 potions of mutation
 e - a potion of haste
 f - 2 potions of magic
 g - a potion of berserk rage
 n - a potion of ambrosia
Comestibles
 b - 2 bread rations
 i - 8 chunks of flesh
 m - a royal jelly
 q - 3 fruits


   Skills:
 + Level 5.1 Fighting
 + Level 5.2 Dodging
 + Level 2.1 Stealth
 + Level 6.5 Unarmed Combat


You had 4 spell levels left.
You didn't know any spells.

Dungeon Overview and Level Annotations

Branches:
Dungeon (1/1)

Altars:
Kikubaaqudgha
Sif Muna
Vehumet


Innate Abilities, Weirdness & Mutations

You are too large for most types of armour.
You have claws for hands.
Your metabolism is lightning-fast.
You like to eat raw meat.
Your natural rate of healing is unusually fast.
You are covered in fur. (AC +1)
You have very tough skin. (AC +2)


Message History

You open the door.
A wizard comes into view. It is wielding a dagger.
Found a leatherbound book.
Found three altars.
A kobold demonologist comes into view. It is wielding a dagger.
Found a papyrus book.
There is an open door here.
The helpless wizard fails to defend itself.
You scratch the wizard.
The wizard is moderately wounded.
The kobold demonologist gestures wildly while chanting.
The wizard hits you but does no damage.
You claw the wizard!
You kill the wizard!
Your Fighting skill increases to level 5!
You have reached level 5!
You closely miss the hellwing. The hellwing hits you! The hellwing hits you.
* * * LOW HITPOINT WARNING * * *
The kobold demonologist hits you but does no damage.
You completely miss the hellwing. The hellwing hits you!
You die...

.#......#####..#
##...)...#..#..#
.##.##...#..#..###+#+###
.##.###..##'#..#........
####.##.÷###...'.⌠......
##÷.##..####...#...#####
....##..###÷...#.⌠.#
#..##...##.....#...#
..##....#......#@###
.###..##.#.....#4K:# .#
#..#####....#___# ▓▓
▓▓▓▓ ▓▓▓▓▓▓▓▓▓▓


You could see a hellwing and a kobold demonologist.

Vanquished Creatures
  A water elemental (D)
  A wizard (D)
  Jessica (D)
  A human (D)
  A wolf (D)
  An ooze (D)
  2 rats (D)
8 creatures vanquished.

Vanquished Creatures (others)
  A hellion (D)
  A yaktaur (D)
2 creatures vanquished.

Grand Total: 10 creatures vanquished

Notes
Turn   | Place    | Note
-------+----------+-------------------------------------------
     0 | D        | QuCean the Troll Monk began the quest for the Orb.
     0 | D        | Reached XP level 1. HP: 22/22 MP: 0/0
    41 | D        | Noticed Jessica
    50 | D        | Killed Jessica
    50 | D        | Reached skill level 4 in Unarmed Combat
    50 | D        | Reached XP level 2. HP: 7/31 MP: 1/1
    50 | D        | Reached XP level 3. HP: 9/37 MP: 2/2
    93 | D        | Reached skill level 5 in Unarmed Combat
   107 | D        | Killed a yaktaur
   116 | D        | Noticed a water elemental
   121 | D        | Killed a water elemental
   121 | D        | Reached skill level 5 in Dodging
   121 | D        | Reached skill level 6 in Unarmed Combat
   121 | D        | Reached XP level 4. HP: 9/49 MP: 3/3
   133 | D        | Killed a hellion
   135 | D        | Found a radiant altar of Vehumet.
   135 | D        | Found a deep blue altar of Sif Muna.
   135 | D        | Found an ancient bone altar of Kikubaaqudgha.
   135 | D        | Noticed a wizard
   138 | D        | Noticed a hellwing
   138 | D        | Killed a wizard
   138 | D        | Reached skill level 5 in Fighting
   138 | D        | Reached XP level 5. HP: 33/57 MP: 4/4
   140 | D        | Slain by a hellwing

Skill      XL: |  1  2  3  4 |
---------------+-------------+-----
Dodging        | 3 5 |  5.2
Fighting       | 3 4 5 |  5.1
Unarmed Combat | 4 6 |  6.5
Stealth        | 2 |  2.1

Action                   |  1- 3 |  4- 6 || total
-------------------------+-------+-------++-------
Melee: Unarmed           |    22 |     4 ||    26
  Use: Potion            |     1 |     1 ||     2
       Scroll            |       |     4 ||     4
 Stab: Sleeping          |     2 |     1 ||     3
Armor: Robe              |     4 |     2 ||     6
Dodge: Dodged            |    13 |       ||    13
